 Dungeon Crawl Stone Soup version 0.25-a0-782-g655279ceaa (webtiles) character file.

Game seed: 17196783679440566035, levelgen mode: deterministic

0 Esekla the Skirmisher (level 1, 8/8 HPs)
             Began as a Vine Stalker Abyssal Knight on Apr 16, 2020.
             Was an Initiate of Lugonu.
             Got out of the dungeon alive.
             The game lasted 00:00:51 (76 turns).

Esekla the Skirmisher (Vine Stalker Abyssal Knight)   Turns: 76, Time: 00:00:51

Health: 8/8        AC:  3    Str: 14    XL:     1   Next: 10%
Magic:  2/2        EV: 11    Int: 12    God:    Lugonu [......]
Gold:   0          SH:  0    Dex: 13    Spells: 0/0 levels left

rFire    . . .     SeeInvis .   a - +1 falchion
rCold    . . .     Gourm    .   (no shield)
rNeg     . . .     Faith    .   b - +0 leather armour
rPois    .         Spirit   +   (no helmet)
rElec    .         Reflect  .   (no cloak)
rCorr    .         Harm     .   (no gloves)
MR       .....                  (no boots)
Stlth    +.........             (no amulet)
HPRegen  0.02/turn              (no ring)
MPRegen  0.08/turn              (no ring)

@: no status effects
A: fangs 2, [frail 2], [low mp 2], magic shield, antimagic bite, no potion heal
3, rot immunity
a: Renounce Religion


You escaped.
You worshipped Lugonu.
Lugonu was noncommittal.
You were not hungry.

You visited 1 branch of the dungeon, and saw 1 of its levels.
You visited the Abyss 1 time.

Inventory:

Hand Weapons
 a - a +1 falchion (weapon)
Armour
 b - a +0 leather armour (worn)
 d - a cursed +0 pair of gloves
Comestibles
 c - a ration


   Skills:
 * Level 2.7 Fighting
 + Level 1.7 Long Blades
 + Level 1.5 Armour
 + Level 0.7 Dodging
 + Level 1.7 Invocations


You couldn't memorise any spells.
You didn't know any spells.
Your spell library was empty.

Dungeon Overview and Level Annotations

Branches:
Dungeon (1/15)

Altars:


Innate Abilities, Weirdness & Mutations

You have extremely sharp teeth.
When hurt, damage is shared between your health and your magic reserves.
Your bite disrupts and absorbs the magic of your enemies.
Potions cannot restore your health.
You are immune to rotting.
[You are very frail. (-20% HP)]
[Your magical capacity is very low. (-20% MP)]


Message History

The wretched star pulses with an eldritch light!
You feel less energetic. x2
You pass through the gate.
You can no longer depart the Abyss at will.
Found a mace and a pair of gloves.
There is a staircase leading out of the dungeon here.
A goblin comes into view. It is wielding a +0 club.
The goblin shouts!
You hit the goblin.
You kill the goblin!
Lugonu accepts your kill.
Things that are here:
a +0 club; a goblin corpse You see here a pair of gloves.
You see here a pair of gloves.
d - a pair of gloves
There is a staircase leading out of the dungeon here.
There is a staircase leading out of the dungeon here.
Are you sure you want to leave the Dungeon?
This will make you lose the game!
You have escaped!

#.........#
#...)...#
#.......#
##.......##
###.........###
................
................
................
........@.......
............)...
................
...............
###.........###
##.......##
#.......#
#.......#
.........


There were no monsters in sight!

Vanquished Creatures
  A goblin (D:1)
1 creature vanquished.

Notes
Turn   | Place    | Note
-------+----------+-------------------------------------------
     0 | Abyss:1  | Esekla the Vine Stalker Abyssal Knight began the quest for
                  | the Orb.
     0 | Abyss:1  | Reached XP level 1. HP: 11/11 MP: 3/3
    23 | Abyss:1  | Noticed a small abomination
    23 | Abyss:1  | Noticed a ynoxinul
    35 | Abyss:1  | Noticed a wretched star
    44 | Abyss:1  | Noticed a tyrant leech
    54 | D:1      | Escaped the Abyss
    76 | D:$      | Got out of the dungeon alive.

Levels and vault maps discovered:
D:1:      minmay_arrival_four_circles, layout_loops_ring, minmay_distorted

Action                   || total
-------------------------++-------
Melee: Falchion          ||     1
Invok: Depart the Abyss  ||     1

Table legend:
 A = Non-vault XP
 B = Vault XP
 C = Vault XP percentage of total XP
 D = Non-vault monster count
 E = Vault monster count
 F = Vault count percentage of total count
                 A         B        C        D         E       F
            +---------+---------+-------+---------+---------+-------
      Total |       1 |       0 |   0.0 |       1 |       0 |   0.0
            +---------+---------+-------+---------+---------+-------
        D:1 |       1 |       0 |   0.0 |       1 |       0 |   0.0
            +---------+---------+-------+---------+---------+-------
